 Dungeon Crawl Stone Soup version 0.28-a0-863-g8cecda6153 (webtiles) character file.

Game seed: 11342925029657941685

154 freelancePsychic the Digger (level 5, 0/44 HPs)
             Began as a Naga Earth Elementalist on Nov 17, 2021.
             Slain by a gnoll (1 damage)
             ... on level 4 of the Dungeon.
             The game lasted 00:07:33 (2978 turns).

freelancePsychic the Digger (NaEE)                  Turns: 2978, Time: 00:07:34

Health: 0/44       AC:  3    Str: 10    XL:     5   Next: 35%
Magic:  9/9        EV: 10    Int: 16    God:
Gold:   91         SH:  0    Dex: 12    Spells: 4/10 levels left

rFire   . . .      SeeInvis +   a - +2 hunting sling (flame)
rCold   . . .      Faith    .   (no shield)
rNeg    . . .      Spirit   .   b - +0 robe
rPois   +          Reflect  .   (no helmet)
rElec   .          Harm     .   n - +0 cloak
rCorr   .          Rampage  .   (no gloves)
Will    .....                   (no barding)
Stlth   ++........              (no amulet)
HPRegen 0.14/turn               d - ring of flight
MPRegen 0.11/turn               (no ring)

@: brilliant, about to teleport, flying, very slow
A: AC +1, large, see invisible, deformed body, poison resistance, slowness 2,
spit poison 1, naga tail 1
a: Spit Poison


You were on level 4 of the Dungeon.
You visited 1 branch of the dungeon, and saw 4 of its levels.

You collected 91 gold pieces.

Inventory:

Hand Weapons
 a - a +2 hunting sling of flaming (weapon)
Missiles
 c - 10 stones
 g - 11 sling bullets (quivered ammo)
Armour
 b - a +0 robe (worn)
 f - a +0 tower shield
 n - a +0 cloak (worn)
Jewellery
 d - a ring of flight (left hand)
 l - a +6 ring of intelligence
Scrolls
 i - a scroll of immolation
 j - a scroll of teleportation {@r4}
 m - a scroll of fear {unknown}
 o - a scroll of silence {unknown}
 q - a scroll of amnesia {unknown}
Potions
 e - a potion of mutation {unknown}
 h - a potion of invisibility {unknown}
 k - a potion of might {unknown}
 p - a potion of flight {unknown}
 r - a potion of brilliance


   Skills:
 + Level 1.1 Fighting
 - Level 1.5 Dodging
 - Level 3.0 Stealth
 - Level 3.0 Spellcasting
 + Level 2.6 Conjurations
 - Level 1.0 Transmutations
 + Level 4.1 Earth Magic


You had 4 spell levels left.
You knew the following spells:

 Your Spells              Type           Power      Damage    Failure   Level
a - Sandblast             Erth           46%        2d11      3%          1
b - Stone Arrow           Conj/Erth      38%        3d9       14%         3
c - Passwall              Tmut/Erth      12%        N/A       10%         2

Your spell library contained the following spells:

 Spells                   Type           Power      Damage    Failure   Level
 Petrify                  Tmut/Erth      15%        N/A       54%         4


Dungeon Overview and Level Annotations

Branches:
Dungeon (4/15)
 Temple: D:4-7

Altars:

Shops:
D:4 *

Annotations:
D:2 exclusion: necrophage, Natasha
D:3 exclusion: downstairs


Innate Abilities, Weirdness & Mutations

Your serpentine skin is tough. (AC +1)
You have supernaturally acute eyesight. (SInv)
Armour fits poorly on your strangely shaped body.
Your system is resistant to poisons. (rPois)
You cover ground very slowly.
You can spit poison.
You have a snake-like lower body.


Message History

g - 13 sling bullets (gained 3);
c - 10 stones (gained 1)
The gnoll shouts!
You hear an angry hiss.
You see here a stone.
The gnoll hits you with a +0 flail!
Things that are here:
a ring of poison resistance; a +0 spear; a gnoll corpse
Press: ? - help, Shift-Dir - straight line, f - gnoll
Aim: a gnoll, wielding a +0 flail The splash of poison hits the gnoll.
The gnoll is lightly wounded.
The gnoll hits you with a +0 flail.
You are too injured to fight recklessly!
Fire: 13 sling bullets
Press: ? - help, Q - select action, (/) - cycle Shift-Dir - straight line, f/p - gnoll
Aim: a gnoll, wielding a +0 flail (lightly wounded, 63% to hit)
You shoot a sling bullet. The sling bullet hits the gnoll.
The sling bullet burns the gnoll.
The gnoll is moderately wounded.
The gnoll hits you with a +0 flail.
Fire: 12 sling bullets
Press: ? - help, Q - select action, (/) - cycle Shift-Dir - straight line, f/p - gnoll
Aim: a gnoll, wielding a +0 flail (moderately wounded, 63% to hit)
You shoot a sling bullet.
The sling bullet closely misses the gnoll.
The sling bullet closely misses the gnoll.
The gnoll hits you with a +0 flail!
The gnoll hits you from afar with a +0 spear!
* * * LOW HITPOINT WARNING * * *
The gnoll hits you with a +0 flail!
* * * LOW HITPOINT WARNING * * *
Okay, then.
It was a potion of brilliance.
You feel clever all of a sudden.
The gnoll hits you from afar with a +0 spear.
* * * LOW HITPOINT WARNING * * *
As you read the scroll of teleportation {@r4}, it crumbles to dust.
You feel strangely unstable.
You have got your breath back.
The gnoll hits you from afar with a +0 spear.
You die...

.##.###....# ....#
#....#######
###.#######......+
#<..# #......#
#########......#
..........###
...###.#....# .
#.##..## ..##..@##
...#####g### ....#
#Sg.# .# .....
###.###...# #
#..((....# ...
##.#(....#
....####.g∩......#
.....^...#.#.....#
#!..h<.........#


You could see 2 gnolls and an adder.

Vanquished Creatures
  An orc priest (D:3)
  2 gnolls
  4 adders (D:2)
  2 worms (D:2)
  A dart slug (D:2)
  2 orcs (D:3)
  An endoplasm (D:3)
  5 giant cockroaches
  4 goblins
  7 hobgoblins
  6 jackals
  2 quokkas (D:1)
  3 ball pythons
  6 bats
  A frilled lizard (D:1)
  7 kobolds
  5 rats
59 creatures vanquished.

Notes
Turn   | Place    | Note
-------+----------+-------------------------------------------
     0 | D:1      | freelancePsychic the Naga Earth Elementalist began the
                  | quest for the Orb.
     0 | D:1      | Reached XP level 1. HP: 15/15 MP: 3/3
   183 | D:1      | Reached XP level 2. HP: 19/22 MP: 5/5
   299 | D:1      | Reached skill level 1 in Conjurations
   651 | D:1      | Reached XP level 3. HP: 28/28 MP: 6/6
   655 | D:1      | Found a faded altar of an unknown god.
  1158 | D:1      | Learned a level 3 spell: Stone Arrow
  1161 | D:1      | Learned a level 2 spell: Passwall
  1493 | D:2      | Noticed a necrophage
  1642 | D:2      | Reached XP level 4. HP: 36/36 MP: 8/8
  1684 | D:2      | Noticed Natasha
  2440 | D:3      | Reached skill level 4 in Earth Magic
  2440 | D:3      | Reached XP level 5. HP: 43/43 MP: 9/9
  2628 | D:4      | Found Baemat's Assorted Antiques.
  2636 | D:3      | Reached skill level 1 in Fighting
  2798 | D:4      | Noticed a black bear
  2976 | D:4      | HP: 2/44 [gnoll (9)]
  2978 | D:4      | Slain by a gnoll

Illustrated notes

Levels and vault maps discovered:
D:1:      amcnicky_arrival_wind_blow, layout_loops_corners,
          ebering_ecumenical_altar_rust, palyth_stone_intersect
D:2:      layout_loops_corners, serial_shops, nicolae_shop_crystal,
          minmay_tromino_v2, uniq_natasha
D:3:      layout_rooms, nrook_mini_vaults
D:4:      layout_basic, serial_shops, nicolae_shop_crystal,
          kennysheep_nondescript, chequers_serial_rivers_room_a,
          uniq_blork_the_orc

Skill      XL: |  1  2  3  4  5 |
---------------+----------------+-----
Conjurations   | 1 2 |  2.6
Spellcasting   | 3 |  3.0
Earth Magic    | 4 |  4.1
Fighting       | 1 |  1.1
Dodging        | |  1.5
Stealth        | |  3.0
Transmutations | |  1.0

Action                   |  1- 3 |  4- 6 || total
-------------------------+-------+-------++-------
 Fire: Hunting sling     |    82 |    77 ||   159
 Cast: Sandblast         |     2 |       ||     2
 Abil: Spit Poison       |       |    10 ||    10
  Use: Scroll            |     4 |     3 ||     7
       Potion            |       |     1 ||     1
Armor: Robe              |     4 |     4 ||     8
Dodge: Dodged            |    11 |    21 ||    32

Table legend: (Time is in decaauts)
 A = Elapsed time spent in this place.
 B = Non-inter-level travel time spent in this place.
 C = Inter-level travel time spent in this place.
 D = Time resting spent in this place.
 E = Time spent auto-exploring this place.
 F = Levels seen in this place.
 G = Mean time per level.
                   A        B        C        D        E       F      G
               +--------+--------+--------+--------+--------+-----+--------+
         Total |   3730 |   3578 |    152 |    130 |   2895 |   4 |  932.5 |
       Dungeon |   3730 |   3578 |    152 |    130 |   2895 |   4 |  932.5 |
               +--------+--------+--------+--------+--------+-----+--------+

Top non-repeatable levels by time:
     D:1: 1533 daAuts
     D:2: 1169 daAuts
     D:3: 906 daAuts
     D:4: 121 daAuts
